 Dungeon Crawl Stone Soup version 0.26.1-2-gb8aa6d0cf2 (webtiles) character file.

Game seed: 9241828349654330876

18363 Figureslego113 the Fighter (level 12, -3/136 HPs)
             Began as a Troll Monk on Feb 17, 2021.
             Was an Initiate of Gozag.
             Shot with a bolt by a skeletal warrior (14 damage)
             ... on level 11 of the Dungeon.
             The game lasted 00:54:17 (14282 turns).

Figureslego113 the Fighter (Troll Monk)            Turns: 14282, Time: 00:54:18

Health: -3/136     AC: 11    Str: 25    XL:     12   Next: 27%
Magic:  20/20      EV: 11    Int:  6    God:    Gozag
Gold:   2729       SH:  0    Dex: 13    Spells: 11/11 levels left

rFire    . . .     SeeInvis .     - Unarmed
rCold    . . .     Faith    +   (no shield)
rNeg     + + .     Spirit   .   p - +2 robe {rN+}
rPois    .         Reflect  .   (helmet restricted)
rElec    .         Harm     .   u - +2 cloak
rCorr    .         Rampage  .   (gloves unavailable)
Will     .....                  (boots unavailable)
Stlth    ++........             H - amulet of faith
HPRegen  0.72/turn              e - ring of positive energy
MPRegen  0.17/turn              n - ring of magical power

@: no status effects
A: large, unfitting armour, claws 3, regeneration 1, shaggy fur 1, tough skin 3
a: Renounce Religion, Potion Petition, Call Merchant, Bribe Branch


You were on level 11 of the Dungeon.
You worshipped Gozag.
Gozag was most pleased with you.
You visited 2 branches of the dungeon, and saw 12 of its levels.
You also visited: Sewer.

You collected 2729 gold pieces.

Inventory:

Missiles
 h - 283 stones (quivered)
Armour
 p - a +2 robe of positive energy (worn)
 u - a +2 cloak (worn)
Jewellery
 a - a +6 ring of dexterity {unknown}
 e - a ring of positive energy (left claw)
 n - a ring of magical power (right claw)
 H - an amulet of faith (around neck)
 J - an uncursed ring of stealth {unknown}
 K - an uncursed ring of willpower
 M - the ring "Jelukot" {Fire rPois MP+9 Str-3 Dex+4}
   (You found it on level 8 of the Dungeon)

   [ring of fire]

   It enhances your fire magic.
   It affects your strength (-3).
   It affects your dexterity (+4).
   It protects you from fire.
   It makes you vulnerable to cold.
   It protects you from poison.
   It affects your magic capacity (+9).
 N - an uncursed ring of resist corrosion {unknown}
Wands
 t - a wand of iceblast (15)
 w - a wand of digging (7)
 B - a wand of flame (20)
 C - a wand of paralysis (15)
 F - a wand of polymorph (19)
 G - a wand of enslavement (12)
Scrolls
 d - a scroll of amnesia {unknown}
 g - 8 scrolls of remove curse
 k - 3 scrolls of fog {unknown}
 l - a scroll of random uselessness {unknown}
 m - 3 scrolls of identify {unknown}
 q - 2 scrolls of fear {unknown}
 s - 7 scrolls of teleportation
 x - 5 scrolls of blinking {unknown}
 y - a scroll of immolation {unknown}
 A - 3 scrolls of magic mapping {unknown}
 D - a scroll of vulnerability {unknown}
 I - a scroll of noise {unknown}
Potions
 b - 4 potions of brilliance {unknown}
 c - 7 potions of curing
 f - a potion of mutation {unknown}
 i - 4 potions of flight {unknown}
 j - 14 potions of degeneration
 o - 5 potions of haste {unknown}
 r - a potion of magic {unknown}
 v - 2 potions of lignification {unknown}
 z - 2 potions of cancellation {unknown}
 E - a potion of ambrosia {unknown}
 L - a potion of berserk rage {unknown}


   Skills:
 + Level 13.5 Fighting
 - Level 4.0 Dodging
 - Level 1.0 Stealth
 - Level 12.0 Unarmed Combat


You had 11 spell levels left.
You didn't know any spells.
Your spell library contained the following spells:

 Spells                   Type           Power        Failure   Level
 Animate Skeleton         Necr           0%           45%         1
 Apportation              Tloc           0%           45%         1
 Corona                   Hex            0%           45%         1
 Sting                    Tmut/Pois      0%           45%         1
 Summon Small Mammal      Summ           0%           45%         1
 Poisonous Vapours        Pois/Air       0%           58%         2
 Ignite Poison            Fire/Tmut/Pois 0%           83%         3
 Mephitic Cloud           Conj/Pois/Air  0%           83%         3
 Olgreb's Toxic Radiance  Pois           0%           99%         4


Dungeon Overview and Level Annotations

Branches:
Dungeon (11/15)            Temple (1/1) D:4             Orc (0/2) D:10
  Sewer (visited)
   Lair: D:8-11

Altars:
Ashenzari
Cheibriados
Dithmenos
Elyvilon
Fedhas
Gozag
Hepliaklqana
Kikubaaqudgha
Makhleb
Nemelex Xobeh
Okawaru
Qazlal
Ru
Sif Muna
Trog
Uskayaw
Vehumet
Wu Jian
Xom
Yredelemnul
Zin
The Shining One
Beogh

Shops:
D:5 }   D:8 (   D:10 :


Innate Abilities, Weirdness & Mutations

You are too large for most types of armour.
You have claws for hands.
Your natural rate of healing is unusually fast.
You are covered in fur. (AC +1)
You have extremely tough skin. (AC +3)


Message History

The skeletal warrior wields a +0 war axe.
The skeletal warrior closely misses you.
You scratch the skeletal warrior but do no damage.
Your claw misses the skeletal warrior.
The skeletal warrior is moderately damaged.
The skeletal warrior unwields a +0 war axe.
The skeletal warrior wields a +0 hand crossbow.
The skeletal warrior shoots a bolt.
The bolt hits you!
* * * LOW HITPOINT WARNING * * *
You see here a bolt.
The skeletal warrior shoots a bolt.
The bolt hits you!
* * * LOW HITPOINT WARNING * * *
You see here a bolt.
The skeletal warrior shoots a bolt.
The bolt closely misses you.
The skeletal warrior shoots a bolt.
The bolt hits you!!
* * * LOW HITPOINT WARNING * * *
You see here 2 bolts.
The skeletal warrior shoots a bolt.
The bolt hits you!
You die...
Your body crumbles into a pile of gold.

######### .......$..... #..z.O..#
............. ##..#.#..## $
.......... # #.#.#+#.#.#
#######...$ #. ##(##.##.##
..##....##.._"
#..###.#.#.######..............
#...............#.............(
#.......z...(...#####.##'###.##
#..###.#.#.###@.########.######
#..##.##.##.##..#.#............
#..#.# #'# #.#..#.'.....)......
###..## #.# ##.(#.#............
.....# ... #..(.#............
.....###########....#............
...............##..##...######...
...............##.<##...######...
................)................


You could see a skeletal warrior.

Vanquished Creatures
  Josephine (D:10)
  A two-headed ogre (D:11)
  The ghost of SibleyIrresistible the Zephyrmancer, a novice TeAE (D:8)
  A necromancer (D:10)
  Pikel (D:5)
  Maurice (D:9)
  Joseph (D:9)
  4 centaur skeletons (D:11)
  A troll (D:8)
  4 flying skulls (D:11)
  4 wyverns
  Sigmund (D:2)
  2 shadows (D:11)
  23 yaks
  9 wraiths
  3 steam dragons
  6 orc warriors
  A sky beast (D:9)
  An eye of draining (D:11)
  7 ice beasts
  2 phantoms
  A swamp drake (D:10)
  5 black bears
  A necrophage (D:8)
  2 centaurs (D:9)
  8 ogres
  A lemure (D:5)
  4 big kobolds
  7 bullfrogs
  A wyvern zombie (D:11)
  A gnoll sergeant (D:9)
  2 water moccasin zombies (D:11)
  2 wyvern skeletons (D:11)
  5 scorpions
  11 wights
  10 killer bees
  6 bullfrog zombies
  2 howler monkeys
  A quasit (D:6)
  A gnoll shaman (D:10)
  3 jellies
  4 centaur zombies
  11 orc priests
  7 bullfrog skeletons
  9 orc wizards
  Ijyb (D:3)
  Terence (D:2)
  Natasha (thrice) (D:2)
  3 worker ants
  A hound skeleton (D:8)
  A hound zombie (D:6)
  2 worker ant zombies
  10 gnolls
  13 adders
  4 river rats
  A shadow imp (D:8)
  6 white imps
  An ooze (D:3)
  2 adder skeletons
  2 adder zombies
  5 worms
  2 dart slugs
  5 leopard geckos
  27 orcs
  6 ball pythons
  8 bats
  5 giant cockroaches
  9 goblins
  4 hobgoblins (D:1)
  11 jackals
  3 quokkas
  12 frilled lizards
  26 kobolds
  A leopard gecko simulacrum (D:8)
  A quokka zombie (D:7)
  12 rats
368 creatures vanquished.

Vanquished Creatures (others)
  An orc (D:10)
  10 fungi (D:5)
11 creatures vanquished.

Grand Total: 379 creatures vanquished

Notes
Turn   | Place    | Note
-------+----------+-------------------------------------------
     0 | D:1      | Figureslego113 the Troll Monk began the quest for the Orb.
     0 | D:1      | Reached XP level 1. HP: 22/22 MP: 0/0
   144 | D:1      | Reached XP level 2. HP: 29/29 MP: 1/1
   822 | D:2      | Reached XP level 3. HP: 35/36 MP: 2/2
   834 | D:2      | Noticed a black bear
   902 | D:2      | Noticed Natasha
   908 | D:2      | Killed Natasha
   909 | D:2      | Reached skill level 3 in Fighting
   934 | D:2      | Killed a black bear
   935 | D:2      | Reached XP level 4. HP: 40/45 MP: 3/3
   935 | D:2      | Reached XP level 5. HP: 47/53 MP: 4/4
   951 | D:2      | Noticed Natasha
  1103 | D:2      | Noticed Sigmund
  1108 | D:2      | Killed Natasha
  1133 | D:2      | Killed Sigmund
  1134 | D:2      | Reached skill level 5 in Unarmed Combat
  1134 | D:2      | Reached XP level 6. HP: 30/61 MP: 5/5
  1220 | D:2      | Noticed Natasha
  1225 | D:2      | Killed Natasha
  1242 | D:2      | Found a sparkling altar of Nemelex Xobeh.
  1345 | D:2      | Noticed Terence
  1359 | D:2      | Killed Terence
  1623 | D:3      | Found a glowing drain.
  1668 | Sewer    | Entered a sewer
  2084 | D:3      | Noticed Ijyb
  2087 | D:3      | Found a bloodstained altar of Trog.
  2101 | D:3      | Killed Ijyb
  2410 | D:3      | Reached XP level 7. HP: 65/67 MP: 6/6
  2850 | D:4      | Found a staircase to the Ecumenical Temple.
  3704 | Temple   | Entered the Ecumenical Temple
  4089 | Temple   | Became a worshipper of Gozag Ym Sagoz the Greedy
  4123 | D:5      | Entered Level 5 of the Dungeon
  4126 | D:5      | Found Leedurch's Gadget Emporium.
  4322 | D:5      | Reached XP level 8. HP: 78/78 MP: 7/7
  4338 | D:5      | Noticed Pikel
  4385 | D:5      | Killed Pikel
  4386 | D:5      | Reached skill level 4 in Fighting
  4455 | D:5      | Found a shimmering altar of Xom.
  4935 | D:5      | You fall into a shaft and drop 1 floor!
  4940 | D:6      | HP: 3/78 [centaur zombie (7)]
  5101 | D:6      | Reached skill level 10 in Unarmed Combat
  5532 | D:6      | Reached XP level 9. HP: 84/84 MP: 8/8
  5913 | D:7      | Found a glowing golden altar of the Shining One.
  6159 | D:7      | Found a shadowy altar of Dithmenos.
  6212 | D:7      | Reached skill level 5 in Fighting
  6997 | D:8      | Reached skill level 6 in Fighting
  7084 | D:8      | Noticed a troll
  7089 | D:8      | Killed a troll
  7090 | D:8      | Reached XP level 10. HP: 79/100 MP: 9/9
  7252 | D:8      | Reached skill level 7 in Fighting
  7418 | D:8      | Found Pielyz's Weapon Shoppe.
  7518 | D:8      | Found a runed translucent gate.
  7518 | D:8      | Found a runed translucent gate.
  7518 | D:8      | Found a runed translucent gate.
  7546 | D:8      | Noticed SibleyIrresistible's ghost (novice TeAE)
  8003 | D:9      | Found a sacrificial altar of Ru.
  8007 | D:9      | Found a glowing golden altar of the Shining One.
  8007 | D:9      | Found a burning altar of Makhleb.
  8026 | D:9      | Found an ornate altar of the Wu Jian Council.
  8029 | D:9      | Found a hazy altar of Hepliaklqana.
  8550 | D:9      | HP: 5/104 [killer bee (4)]
  8557 | D:9      | HP: 5/104 [killer bee (7)]
  9153 | D:9      | Noticed Maurice
  9684 | D:9      | Reached skill level 8 in Fighting
  9852 | D:9      | Found a roughly hewn altar of Beogh.
  9912 | D:9      | Noticed Joseph
  9921 | D:9      | Killed Joseph
 10071 | D:9      | Killed Maurice
 10072 | D:9      | Reached skill level 9 in Fighting
 10170 | D:10     | Entered Level 10 of the Dungeon
 10457 | D:10     | Found a staircase to the Orcish Mines.
 10561 | D:10     | Found Cyazejym's Book Shop.
 10627 | D:10     | Reached skill level 10 in Fighting
 10823 | D:9      | Reached XP level 11. HP: 89/117 MP: 10/10
 11627 | D:10     | Reached skill level 11 in Fighting
 12237 | D:8      | Killed SibleyIrresistible's ghost
 12630 | D:8      | Got the ring "Jelukot" {Fire}
 12758 | D:11     | Noticed a two-headed ogre
 12925 | D:11     | Killed a two-headed ogre
 12970 | D:11     | Noticed Josephine
 13004 | D:10     | Killed Josephine
 13005 | D:10     | Reached skill level 12 in Fighting
 13005 | D:10     | HP: 6/123 [wraith[Josephine] (8)]
 13229 | D:11     | Noticed a necromancer
 13430 | D:10     | Killed a necromancer
 13766 | D:11     | Reached XP level 12. HP: 129/133 MP: 11/11
 13785 | D:11     | Reached skill level 13 in Fighting
 14043 | D:11     | Found a stormy altar of Qazlal.
 14213 | D:11     | Noticed a two-headed ogre
 14282 | D:11     | Shot with a bolt by a skeletal warrior

Illustrated notes

Levels and vault maps discovered:
D:1:      tarquinn_simple_flora_water_e, layout_basic, minmay_liquid_box
D:2:      layout_basic, lemuel_doored_altar, uniq_natasha, uniq_terence,
          uniq_sigmund
D:3:      layout_rooms, bloody_trog, cheibrodos_sewer_entry_sluice, uniq_ijyb
D:4:      layout_basic, minmay_temple_entry_sparse_star,
          kennysheep_opposing_triangles
D:5:      kennysheep_steamy, layout_loops_ring, overflow_temple_1_default,
          serial_shops, nicolae_shop_statue_plus, grunt_decor_arrowhead,
          corexii_corridor_pit, uniq_pikel
D:6:      layout_basic
D:7:      layout_loops_ring, grunt_dithmenos_smoke, basic_altar
D:8:      layout_basic, gammafunk_ghost_icy, serial_shops, nicolae_shop_crystal,
          chequers_serial_rivers_marsh
D:9:      layout_loops_ring, minmay_overflow_temple_star_hex,
          chequers_serial_rivers_micro_c, david_defended_altar_orc,
          uniq_maurice, uniq_joseph
D:10:     layout_rooms, erik_orc_1, serial_shops, shop
D:11:     hangedman_screamer, layout_gridville, lair_entry_dummy, basic_altar,
          enter_trove_3, tso_altar, uniq_gastronok, uniq_josephine
Temple:   nicolae_temple_figure_eight

Skill      XL: |  1  2  3  4  5  6  7  8  9 10 11 12 |
---------------+-------------------------------------+-----
Fighting       | 3 4 6 10 12 13 | 13.5
Dodging        | 3 4 |  4.0
Unarmed Combat | 4 5 6 8 10 12 | 12.0
Stealth        | |  1.0

Action                   |  1- 3 |  4- 6 |  7- 9 | 10-12 || total
-------------------------+-------+-------+-------+-------++-------
Melee: Unarmed           |    59 |   157 |   257 |   608 ||  1081
       Punch             |       |     4 |    19 |    39 ||    62
  Use: Potion            |       |       |       |     8 ||     8
       Scroll            |       |       |       |     2 ||     2
 Stab: Sleeping          |     5 |     5 |     3 |     3 ||    16
Armor: Robe              |    34 |    55 |   100 |   248 ||   437
Dodge: Dodged            |    41 |    84 |   124 |   430 ||   679
